 Dungeon Crawl Stone Soup version 0.16.0-17-g811c1d7 (webtiles) character file.

97 maniek23 the Vexing (level 4, -5/30 HPs)
             Began as a Vampire Enchanter on Mar 21, 2015.
             Killed from afar by an orc wizard (8 damage)
             ... with a magic dart
             ... on level 3 of the Dungeon.
             The game lasted 00:04:07 (1577 turns).

maniek23 the Vexing (Vampire Enchanter)             Turns: 1577, Time: 00:04:07

Health: -5/30      AC:  4    Str:  7    XL:     4   Next: 42%
Magic:  1/8        EV: 13    Int: 18    God:
Gold:   101        SH:  0    Dex: 14    Spells: 2 memorised, 4 levels left

rFire  . . .     SeeInvis +     i - +0 dagger (speed)
rCold  . . .     Clarity  .     b - +1 robe
rNeg   . . .     SustAb   .     (no shield)
rPois  .         Gourm    .     (no helmet)
rElec  .         Spirit   .     j - +0 cloak
rCorr  .         Warding  .     (no gloves)
rMut   .         Stasis   .     (no boots)
MR     .....                    (no amulet)
Stlth  +++.......               (no ring)
                                (no ring)

@: regenerating quickly, not resistant to hostile enchantments, fairly stealthy
A: bottle blood, fangs 3, see invisible, unbreathing
a: no special abilities


You were on level 3 of the Dungeon.
You were full.

You visited 1 branch of the dungeon, and saw 3 of its levels.

You collected 101 gold pieces.

Inventory:

Hand weapons
 a - a +1 dagger
 i - a +0 dagger of speed (weapon)
Armour
 b - a +1 robe (worn)
 j - a +0 cloak (worn)
Scrolls
 f - 3 scrolls of identify {unknown}
 h - a scroll of enchant armour {unknown}
 l - 2 scrolls of immolation {unknown}
 m - a scroll of amnesia {unknown}
 n - a scroll of fear {unknown}
Potions
 d - 4 potions of blood
 e - a potion of heal wounds {unknown}
 g - a potion of cure mutation {unknown}
 k - a potion of curing {unknown}
Books
 c - a book of Maledictions

   Spells                             Type                      Level
   a - Corona                         Hexes                        1
   b - Sure Blade                     Hexes/Charms                 2
   c - Ensorcelled Hibernation        Hexes/Ice                    2
   d - Confuse                        Hexes                        3
   e - Dazzling Spray                 Conjuration/Hexes            3
   f - Enslavement                    Hexes                        4


   Skills:
 + Level 1.5 Short Blades
 + Level 2.9 Dodging
 + Level 5.5 Stealth
 + Level 2.4 Spellcasting
 + Level 5.7 Hexes
 + Level 0.2 Ice Magic


You had 4 spell levels left.
You knew the following spells:

 Your Spells              Type           Power        Failure   Level  Hunger
a - Corona                Hex            ###....      1%          1    #......
b - Ensorcelled Hibernat  Hex/Ice        ##....       10%         2    ##.....


Dungeon Overview and Level Annotations

Branches:
Dungeon (3/15)

Altars:


Innate Abilities, Weirdness & Mutations

Your natural rate of healing is unusually fast.
You can bottle blood from corpses.
You have razor-sharp teeth.
You have supernaturally acute eyesight.
You can survive without breathing.


Message History

You hit the orc wizard.
The orc wizard is lightly wounded.
The orc wizard hits you with a dagger.
You hit the orc wizard but do no damage.
The orc wizard is lightly wounded.
The orc wizard hits you but does no damage.
The giant newt closely misses you.
You hit the orc wizard but do no damage.
The orc wizard is lightly wounded.
The orc wizard casts a spell at you. The magic dart hits you!
* * * LOW HITPOINT WARNING * * *
You hit the orc wizard but do no damage.
You bite the orc wizard, but do no damage.
The orc wizard is lightly wounded.
The giant newt bites you but does no damage.
The orc wizard barely misses you. The orc wizard casts a spell at you.
The magic dart hits you!
You die...

#################### .
#................... ...
#................... ....
####..............). .....
##...............
.......#####...............
.......oo.@........).......
#######l####.#.............
#.#....#......#######
#.#.##.#.###### ..#.<#.#.#
######...# ....# ##.># ###


You could see an orc wizard, an orc and a giant newt.

Vanquished Creatures
  An orc priest (D:3)
  3 adders (D:2)
  A giant mite (D:2)
  2 giant geckos
  An orc (D:3)
  2 giant cockroaches (D:2)
  4 hobgoblins
  3 kobolds
  5 bats
  4 giant newts
  6 goblins
  3 rats
35 creatures vanquished.

Notes
Turn   | Place    | Note
--------------------------------------------------------------
     0 | D:1      | maniek23, the Vampire Enchanter, began the quest for the Orb.
     0 | D:1      | Reached XP level 1. HP: 13/13 MP: 3/3
   372 | D:1      | Reached XP level 2. HP: 19/19 MP: 4/4
   379 | D:1      | Learned a level 2 spell: Ensorcelled Hibernation
   983 | D:2      | Reached skill level 5 in Hexes
  1011 | D:2      | Reached XP level 3. HP: 13/24 MP: 6/6
  1349 | D:2      | Reached skill level 5 in Stealth
  1559 | D:3      | Reached XP level 4. HP: 20/30 MP: 2/8
  1577 | D:3      | Killed from afar by an orc wizard

Action                   |  1- 3 |  4- 6 || total
-------------------------+-------+-------++-------
Melee: Dagger            |    94 |    14 ||   108
 Cast: Ensorcelled Hiber |     4 |     1 ||     5
       Corona            |       |     1 ||     1
 Stab: Sleeping          |     8 |       ||     8
  Eat: Corpse            |     9 |       ||     9
